 Dungeon Crawl Stone Soup version 0.31-a0-1074-g0b22e4e0f1 (webtiles) character file.

Game seed: 10805296244079712775

29186 tbh1313 the Bludgeoner (level 13, -6/146 HPs)
             Began as an Ogre Berserker on Nov 29, 2023.
             Was a High Priest of Trog.
             Mangled by a cane toad (15 damage)
             ... on level 4 of the Lair of Beasts on Nov 30, 2023.
             The game lasted 00:37:19 (19305 turns).

tbh1313 the Bludgeoner (Ogre Berserker)            Turns: 19305, Time: 00:37:20

Health: -6/146     AC: 24    Str: 28    XL:     13   Next: 43%
Magic:  13/13      EV: 20    Int:  8    God:    Trog [*****.]
Gold:   1840       SH:  0    Dex: 14    Spells: 12/12 levels left

rFire   + . .        a - +3 dire flail (freeze)
rCold   + . .        (shield currently unavailable)
rNeg    . . .        Q - +4 gold dragon scales
rPois   +            (helmet restricted)
rElec   .            z - +0 cloak
rCorr   .            (gloves unavailable)
SInv    .            (boots unavailable)
Will    +....        c - amulet of the acrobat Stlth
                     M - +6 ring of dexterity
HPRegen 0.44/turn    k - +4 ring of protection
MPRegen 0.13/turn

%: acrobat
@: lethally poisoned (-6 -> -8), on berserk cooldown, acrobatic, slowed, very
slow
A: large, unfitting armour, tough skin 1
a: Renounce Religion, Berserk, Trog's Hand, Brothers in Arms


You were on level 4 of the Lair of Beasts.
You worshipped Trog.
Trog was extremely pleased with you.
You visited 2 branches of the dungeon, and saw 16 of its levels.
You also visited: Ossuary.

You collected 1840 gold pieces.

Inventory:

Hand Weapons
 a - a +3 dire flail of freezing (weapon)
 b - a +2 mace of holy wrath
 O - a +6 antimagic giant club
Missiles
 J - 13 large rocks
Armour
 z - a +0 cloak (worn)
 Q - +4 gold dragon scales (worn)
Jewellery
 c - an amulet of the acrobat (around neck)
 k - a +4 ring of protection (right hand)
 l - a ring of poison resistance
 o - a ring of ice
 q - a ring of protection from fire
 s - a +6 ring of dexterity
 M - a +6 ring of dexterity (left hand)
Wands
 f - a wand of flame (5)
 K - a wand of digging (3)
Scrolls
 d - 5 scrolls of teleportation
 g - a scroll of blinking
 j - 2 scrolls of amnesia
 n - 2 scrolls of fear
 r - a scroll of poison
 A - 2 scrolls of revelation
 E - a scroll of immolation
Potions
 e - 8 potions of curing
 h - a potion of might
 i - 4 potions of enlightenment
 u - 3 potions of haste
 w - 3 potions of brilliance
 D - 2 potions of attraction
 P - a potion of heal wounds


   Skills:
 - Level 14.0 Fighting
 + Level 16.0 Maces & Flails
 + Level 4.9 Armour
 - Level 8.0 Dodging


You had 12 spell levels left.
You didn't know any spells.
Your spell library contained the following spells:

 Spells                   Type           Power      Damage    Failure   Level
 Apportation              Tloc           0%         N/A       100%        1
 Necrotise                Necr           0%         1d4       100%        1
 Ensorcelled Hibernation  Hex/Ice        0%         N/A       100%        2
 Jinxbite                 Hex            0%         N/A       100%        2
 Passwall                 Tmut/Erth      0%         N/A       100%        2
 Poisonous Vapours        Pois/Air       0%         N/A       100%        2
 Inner Flame              Hex/Fire       0%         N/A       100%        3
 Mephitic Cloud           Conj/Pois/Air  0%         N/A       100%        3
 Swiftness                Air            0%         N/A       100%        3
 Vampiric Draining        Necr           0%         2d6       100%        3
 Flame Wave               Conj/Fire      0%         2d4       100%        4
 Sticky Flame             Conj/Fire      0%         2d3       100%        4
 Agony                    Necr           0%         N/A       100%        5
 Alistair's Intoxication  Tmut/Pois      0%         N/A       100%        5
 Freezing Cloud           Conj/Ice/Air   0%         6-21      100%        5
 Summon Forest            Summ/Tloc      0%         N/A       100%        5
 Summon Mana Viper        Hex/Summ       0%         N/A       100%        5
 Summon Cactus Giant      Summ           0%         N/A       100%        6


Dungeon Overview and Level Annotations

Branches:
Dungeon (12/15)            Temple (0/1) D:4            Lair (4/5) D:10
 Shoals (0/4) Lair:3        Snake (0/4) Lair:2          Orc (0/2) D:12
Ossuary (visited)
  Slime: Lair:4-5

Altars:
Ashenzari
Hepliaklqana
Kikubaaqudgha
Makhleb
Qazlal
Trog

Shops:
D:3 ?   D:6 (

Annotations:
D:3 2 transporters
D:11 2 transporters, Ufudd's ghost, journeyman DsWn


Innate Abilities, Weirdness & Mutations

You are too large for most types of armour.
You have tough skin. (AC +1)


Message History

* * * LOW HITPOINT WARNING * * *
The cane toad stings you but does no damage.
The catoblepas gores you but does no damage.
The black mamba bites you!
* * * LOW HITPOINT WARNING * * *
The cane toad stings you but does no damage.
The black mamba bites you.
* * * LOW HITPOINT WARNING * * *
The catoblepas completely misses you. The cane toad stings you!
* * * LOW HITPOINT WARNING * * *
The black mamba bites you but does no damage.
The catoblepas gores you but does no damage.
The black mamba bites you but does no damage.
The cane toad stings you but does no damage.
The black mamba bites you but does no damage.
The catoblepas gores you!
* * * LOW HITPOINT WARNING * * *
The cane toad stings you but does no damage.
The black mamba bites you but does no damage.
The black mamba bites you but does no damage.
The cane toad stings you but does no damage.
The catoblepas breathes a plume of calcifying dust at you.
The blast of calcifying dust hits you but does no damage.
The black mamba bites you but does no damage.
You are engulfed in calcifying dust.
You are no longer berserk.
You feel yourself slow down. The black mamba bites you!
* * * LOW HITPOINT WARNING * * *
The cane toad stings you but does no damage.
The catoblepas gores you!
* * * LOW HITPOINT WARNING * * *
You turn to flesh and can move again.
You feel sick.
The black mamba bites you but does no damage. x2
The catoblepas breathes a plume of calcifying dust at you.
The blast of calcifying dust hits you.
* * * LOW HITPOINT WARNING * * *
The cane toad is engulfed in calcifying dust.
The cane toad is moving more slowly.
The cane toad stings you!
You die...

##.##... ###.##..#
#........ #.......#
#........ ##.......##
#........
#.........##.#........
##.......P............
#$.........# .........
#...YS..# #........
#..#@F## .####..#
#...§.§## ##...#
##+#.§.#§## # #...##
#..^......# ##.#.<†..
#.......+.# P........
#.......#.....+..####.
.#.......#####
#.....#. #........##
#....... .#........#
##......'


You could see a catoblepas, a black mamba and a cane toad (petrifying).

Levels and vault maps discovered:
D:1:      dpeg_arrival_houses_and_road, layout_basic
D:2:      layout_basic, uniq_natasha
D:3:      lemuel_castle_with_subvaults [lemuel_castle_interior_original],
          layout_loops_ring, serial_shops, nicolae_shop_drivethru,
          grunt_ministairs_15, kennysheep_cluttered_room,
          kennysheep_generic_room_3
D:4:      layout_gridville, minmay_temple_entry_drinking_statues, serial_glass,
          glass_columns_c, glass_columns_a
D:5:      layout_gridville, uniq_pikel
D:6:      layout_basic, jmf_multi_god_temple, makhleb_altar_promises_db,
          serial_shops, nicolae_shop_tiny_statue_garden,
          dilly_guarded_unrand_morg
D:7:      nicolae_cairo_tiling_very_big, layout_layer_cave, enter_ossuary_2,
          ebering_ghost_reflecting_pool, corexii_checkpoint
D:8:      layout_rooms
D:9:      layout_gridville
D:10:     layout_stronghold, cheibrodos_ashenzari_chains,
          kiku_gazebo_garden_becter, hellmonk_lair_entry_icy, uniq_lodul
D:11:     layout_loops_corners, gammafunk_ghost_wrathful_warriors,
          serial_aquarium, aquarium_bridge_straight [aquarium_subvault_bridge,
          aquarium_subvault_balcony, aquarium_subvault_bridge,
          aquarium_subvault_balcony], aquarium_bridge_straight
          [aquarium_subvault_bridge, aquarium_subvault_window,
          aquarium_subvault_bridge, aquarium_subvault_wall],
          aquarium_window_fake, aquarium_window_1, aquarium_window_fake,
          aquarium_window_1, aquarium_view_2c, aquarium_view_2b,
          aquarium_balcony_5b, aquarium_pool_side
D:12:     minmay_open_boxes_in_corner, layout_small_grid, hiddenorc2_lemuel,
          nicolae_ru_awakened_eye
Lair:1:   layout_cave_pods
Lair:2:   layout_small_grid, nicolae_snake_entry_warm_welcome,
          grunt_megastairs_3, uniq_amaemon
Lair:3:   layout_chaotic_city, shoals_dummy_entry, chequers_serial_rivers_marsh,
          forest_entry_grove
Lair:4:   layout_roguey, grunt_megastairs_4, infiniplex_staircase_pool_2

Notes
Turn   | Place    | Note
-------+----------+-------------------------------------------
     0 | D:1      | tbh1313 the Ogre Berserker began the quest for the Orb.
     0 | D:1      | Reached XP level 1. HP: 24/24 MP: 1/1
   108 | D:1      | Reached skill level 3 in Maces & Flails
   110 | D:1      | Reached XP level 2. HP: 27/32 MP: 2/2
   286 | D:1      | Reached XP level 3. HP: 39/39 MP: 3/3
   394 | D:1      | Reached ** piety under Trog
   804 | D:2      | Noticed Natasha
   810 | D:2      | Killed Natasha
   811 | D:2      | Reached skill level 4 in Maces & Flails
   811 | D:2      | Reached XP level 4. HP: 48/48 MP: 4/4
   899 | D:2      | Noticed Natasha
   906 | D:2      | Killed Natasha
  1292 | D:2      | Noticed Natasha
  1300 | D:2      | Killed Natasha
  1301 | D:2      | Reached skill level 5 in Maces & Flails
  1301 | D:2      | Reached XP level 5. HP: 54/54 MP: 5/5
  1907 | D:3      | Found a transporter.
  1910 | D:3      | Found Eradwun's Magic Scroll Boutique.
  2422 | D:3      | Reached XP level 6. HP: 47/65 MP: 6/6
  2490 | D:3      | Reached skill level 5 in Fighting
  2744 | D:3      | Reached *** piety under Trog
  2923 | D:3      | Reached skill level 6 in Maces & Flails
  2995 | D:3      | Reached XP level 7. HP: 73/75 MP: 7/7
  3279 | D:3      | Reached skill level 1 in Armour
  3661 | D:3      | Found a transporter.
  3730 | D:3      | Reached **** piety under Trog
  3743 | D:3      | Reached skill level 7 in Maces & Flails
  3942 | D:4      | Found a staircase to the Ecumenical Temple.
  4001 | D:4      | Reached XP level 8. HP: 50/83 MP: 8/8
  4839 | D:5      | Entered Level 5 of the Dungeon
  5017 | D:5      | Reached skill level 8 in Maces & Flails
  5033 | D:5      | Noticed Pikel
  5045 | D:5      | Killed Pikel
  5046 | D:5      | Reached skill level 9 in Maces & Flails
  5046 | D:5      | Reached XP level 9. HP: 84/89 MP: 9/9
  5804 | D:6      | Found Ogamuaciacw's Antique Weapon Boutique.
  5904 | D:6      | Found a stormy altar of Qazlal.
  5904 | D:6      | Found a hazy altar of Hepliaklqana.
  5913 | D:6      | Reached skill level 10 in Maces & Flails
  6187 | D:6      | HP: 13/133 [spectral centaur (1)]
  6192 | D:6      | HP: 7/89 [spectral centaur (1)]
  6400 | D:6      | Identified the +0 dagger of Strategic Superiority {pain,
                  | +Blink Str-4 Dex+3}
  6909 | D:6      | Reached skill level 11 in Maces & Flails
  7015 | D:6      | Found a burning altar of Makhleb.
  7015 | D:6      | Noticed an Executioner
  7519 | D:7      | Found a sand-covered staircase.
  7526 | Ossuary  | Entered an ossuary
  7644 | Ossuary  | Reached XP level 10. HP: 92/98 MP: 10/10
  7660 | Ossuary  | Reached ***** piety under Trog
  7687 | Ossuary  | Reached skill level 12 in Maces & Flails
  8563 | D:7      | Found a runed translucent door.
  8570 | D:7      | Noticed gdog's ghost (novice GnDe)
  8582 | D:7      | Killed gdog's ghost
  9285 | D:8      | Noticed a two-headed ogre
  9297 | D:8      | Killed a two-headed ogre
  9298 | D:8      | Reached skill level 10 in Fighting
 10100 | D:9      | Reached XP level 11. HP: 122/122 MP: 11/11
 10689 | D:9      | Noticed a two-headed ogre
 10695 | D:9      | Killed a two-headed ogre
 10776 | D:9      | Reached skill level 13 in Maces & Flails
 11016 | D:10     | Entered Level 10 of the Dungeon
 11020 | D:10     | Noticed Lodul
 11028 | D:10     | Killed Lodul
 11140 | D:10     | Found an ancient bone altar of Kikubaaqudgha.
 11310 | D:10     | Found a staircase to the Lair.
 11315 | D:10     | Reached skill level 14 in Maces & Flails
 11572 | D:10     | Received a gift from Trog
 11655 | D:10     | Found a broken altar of Ashenzari.
 11710 | D:10     | Noticed a two-headed ogre
 11710 | D:10     | Noticed a two-headed ogre
 11715 | D:10     | Killed a two-headed ogre
 11716 | D:10     | Reached skill level 5 in Dodging
 11723 | D:10     | Killed a two-headed ogre
 12628 | D:11     | Noticed a moth of wrath
 12635 | D:11     | Noticed a two-headed ogre
 12635 | D:11     | Noticed a two-headed ogre
 12636 | D:11     | Found a bloodstained altar of Trog.
 12636 | D:11     | Noticed a two-headed ogre
 12636 | D:11     | Noticed Ufudd's ghost (journeyman DsWn)
 12643 | D:11     | Found a transporter.
 12648 | D:11     | Found a transporter.
 12833 | D:11     | Noticed a tengu warrior
 12869 | D:11     | Reached XP level 12. HP: 106/132 MP: 12/12
 13806 | Lair:1   | Entered Level 1 of the Lair of Beasts
 15227 | Lair:2   | Noticed Amaemon
 15246 | Lair:2   | Killed Amaemon
 15250 | Lair:2   | HP: 20/204 [poisoned by Amaemon]
 15253 | Lair:2   | HP: 3/137 [orange demon[Amaemon] (7)]
 15259 | Lair:2   | HP: 13/137 [poisoned by an orange demon]
 16202 | Lair:2   | Found a staircase to the Snake Pit.
 16715 | D:12     | Received a gift from Trog
 16747 | D:12     | Noticed a boulder beetle
 16770 | D:12     | Killed a boulder beetle
 16998 | D:12     | Found a staircase to the Orcish Mines.
 17063 | D:12     | Noticed a boulder beetle
 17088 | D:12     | Killed a boulder beetle
 17089 | D:12     | Reached skill level 15 in Maces & Flails
 17108 | D:12     | HP: 9/139 [freezing wraith (14)]
 17399 | D:12     | Reached XP level 13. HP: 95/146 MP: 13/13
 17871 | Lair:3   | Found a staircase to the Shoals.
 19209 | Lair:4   | Reached skill level 16 in Maces & Flails
 19305 | Lair:4   | HP: 14/146 [poisoned by a cane toad]
 19305 | Lair:4   | Mangled by a cane toad

Table legend: (Time is in decaauts)
 A = Elapsed time spent in this place.
 B = Non-inter-level travel time spent in this place.
 C = Inter-level travel time spent in this place.
 D = Time resting spent in this place.
 E = Time spent auto-exploring this place.
 F = Levels seen in this place.
 G = Mean time per level.
                   A        B        C        D        E       F      G
               +--------+--------+--------+--------+--------+-----+--------+
         Total |  19227 |  18423 |    804 |   4685 |  11212 |  17 | 1131.0 |
       Dungeon |  14583 |  13923 |    660 |   3443 |   8447 |  12 | 1215.2 |
          Lair |   4433 |   4289 |    144 |   1242 |   2639 |   4 | 1108.2 |
       Ossuary |    211 |    211 |      0 |      0 |    126 |   1 |  211.0 |
               +--------+--------+--------+--------+--------+-----+--------+

Top non-repeatable levels by time:
     D:3: 2195 daAuts
    D:11: 1615 daAuts
  Lair:2: 1579 daAuts
     D:6: 1572 daAuts
     D:7: 1490 daAuts
    D:10: 1385 daAuts
  Lair:1: 1318 daAuts
     D:9: 1273 daAuts
  Lair:3: 1121 daAuts
     D:2: 1029 daAuts
     D:4: 981 daAuts
     D:1: 834 daAuts
     D:8: 830 daAuts
    D:12: 737 daAuts
     D:5: 635 daAuts

Table legend:
 A = Kills in this place as a percentage of kills in the entire game.
 B = Kills by you in this place as a percentage of kills by you in the entire game.
 C = Kills by friends in this place as a percentage of kills by friends in the entire game.
 D = Other kills in this place as a percentage of other kills in the entire game.
 E = Experience gained in this place as a percentage of experience gained in the entire game.
 F = Experience gained in this place divided by the number of levels of this place that you have seen.
                   A       B       C       D       E      F
               +-------+-------+-------+-------+-------+----------------------
         Total | 100.0 | 100.0 |   N/A |   N/A | 100.0 | 2452.6
       Dungeon |  78.5 |  78.5 |   N/A |   N/A |  56.8 | 1973.4
          Lair |  16.7 |  16.7 |   N/A |   N/A |  42.5 | 4426.0
       Ossuary |   4.8 |   4.8 |   N/A |   N/A |   0.7 | 310.0
               +-------+-------+-------+-------+-------+----------------------

Action                     |  1- 3 |  4- 6 |  7- 9 | 10-12 | 13-15 || total
---------------------------+-------+-------+-------+-------+-------++-------
  Melee: Mace              |    55 |   178 |    25 |    24 |       ||   282
         Punch             |       |     1 |     5 |     3 |       ||     9
         Flail             |       |       |   228 |       |       ||   228
         Whip              |       |       |   200 |   205 |       ||   405
         Dire flail        |       |       |       |   427 |   129 ||   556
 Invoke: Berserk           |     2 |     7 |     5 |    14 |     4 ||    32
         Trog's Hand       |       |     3 |       |     2 |       ||     5
    Use: Scroll            |     3 |     3 |     9 |     4 |    10 ||    29
         Potion            |       |       |     1 |     6 |       ||     7
   Stab: Petrifying        |       |       |       |       |     1 ||     1
         Petrified         |       |       |       |       |     1 ||     1
 Armour: Animal skin       |    36 |   119 |   321 |    42 |       ||   518
         Steam dragon scal |       |       |       |   341 |     2 ||   343
         Gold dragon scale |       |       |       |       |   212 ||   212
  Dodge: Dodged            |    32 |   133 |   273 |   332 |    44 ||   814

Vanquished Creatures
  4 two-headed ogres
  2 boulder beetles (D:12)
  Amaemon (Lair:2)
  The ghost of gdog the Covert, a novice GnDe of Ashenzari (D:7)
  A skyshark (Lair:3)
  Lodul (D:10)
  Pikel (D:5)
  A lindwurm (Lair:2)
  A salamander (Lair:2)
  2 cyclopes (D:12)
  2 manticores
  4 black mambas
  An orange demon (Lair:2)
  A gargoyle (D:12)
  7 cane toads
  3 komodo dragons
  An efreet (D:12)
  2 rime drakes
  A freezing wraith (D:12)
  A polar bear (Lair:3)
  A hornet (D:11)
  A vampire (D:11)
  3 wyverns
  25 yaks
  A spriggan (Lair:3)
  A wraith (D:11)
  3 basilisks
  4 steam dragons
  An acid dragon (D:10)
  9 water moccasins
  3 sky beasts
  An orc warrior (D:8)
  3 black bears
  8 ice beasts (D:10)
  8 ogres (D:10)
  14 wolves
  4 centaurs
  3 phantoms
  2 kobold brigands
  7 bullfrogs
  4 gnoll sergeants
  A necrophage (D:6)
  6 scorpions
  A wyvern skeleton (D:6)
  3 water moccasin zombies (Ossuary)
  20 wights
  3 killer bees (D:8)
  A howler monkey (D:3)
  A spectral centaur (D:6)
  9 hounds
  3 lava snakes (Lair:2)
  A gnoll bouda (D:6)
  4 orc priests
  3 iguanas
  16 orc wizards
  Natasha (thrice) (D:2)
  2 sleepcaps
  A bullfrog simulacrum (D:6)
  2 mummies (Ossuary)
  32 gnolls
  8 adders
  A howler monkey skeleton (D:6)
  A shadow imp (D:6)
  3 white imps
  2 ufetubi (D:5)
  7 adder zombies (Ossuary)
  2 worms
  A dart slug (D:1)
  59 orcs
  12 ball pythons
  8 endoplasms
  2 gnoll zombies (Ossuary)
  7 goblins
  11 hobgoblins
  11 jackals
  22 kobolds
  6 quokkas
  7 bats
  5 frilled lizards
  4 hobgoblin zombies (Ossuary)
  3 orc zombies (Ossuary)
  4 rats
442 creatures vanquished.

Vanquished Creatures (others)
  An orc wizard (D:12)
1 creature vanquished.

Grand Total: 443 creatures vanquished
